 Dungeon Crawl Stone Soup version 0.32-a0-818-gb728d0252e (webtiles) character file.

Game seed: 7201155814604409991

2754 AlexRAT the Fighter (level 9, -1/82 HPs)
             Began as a Minotaur Berserker on Mar 24, 2024.
             Was an Elder of Trog.
             Killed by the air
             ... invoked by Gastronok
              (19 damage)
             ... on level 8 of the Dungeon.
             The game lasted 00:11:03 (5899 turns).

AlexRAT the Fighter (Minotaur Berserker)            Turns: 5899, Time: 00:11:04

Health: -1/82      AC: 10    Str: 27    XL:     9   Next: 41%
Magic:  8/8        EV: 12    Int:  4    God:    Trog [****..]
Gold:   408        SH:  0    Dex:  9    Spells: 8/8 levels left

rFire   . . .        g - +4 spear (heavy)
rCold   . . .        (no shield)
rNeg    . . .        e - +0 ring mail
rPois   .            (helmet restricted)
rElec   .            (no cloak)
rCorr   .            (no gloves)
SInv    .            (no boots)
Will    +....        (no amulet) Stlth
                     h - +4 ring of protection
HPRegen 0.33/turn    i - ring of willpower
MPRegen 0.11/turn

%: no passive effects
@: on berserk cooldown, slowed, very slow
A: horns 2, retaliatory headbutt
a: Renounce Religion, Berserk, Trog's Hand, Brothers in Arms


You were on level 8 of the Dungeon.
You worshipped Trog.
Trog was greatly pleased with you.
You visited 1 branch of the dungeon, and saw 8 of its levels.

You collected 408 gold pieces.

Inventory:

Hand Weapons
 a - a +0 hand axe
 g - a +4 heavy spear (weapon)
Missiles
 u - 3 javelins (quivered)
 H - a throwing net
Armour
 e - a +0 ring mail (worn)
Jewellery
 b - a +6 ring of strength
 h - a +4 ring of protection (left hand)
 i - a ring of willpower (right hand)
 x - a ring of willpower
 G - a ring of fire
Talismans
 q - a flux talisman
Wands
 r - a wand of charming (13)
 E - a wand of roots (7)
 I - a wand of digging (5)
Scrolls
 d - a scroll of brand weapon
 j - 3 scrolls of identify
 l - 4 scrolls of noise
 n - a scroll of vulnerability
 p - 3 scrolls of amnesia
 t - 2 scrolls of fog
 v - 2 scrolls of revelation
 y - 2 scrolls of torment
 C - 3 scrolls of blinking
 F - a scroll of fear {unknown}
Potions
 c - 2 potions of invisibility {unknown}
 f - 2 potions of enlightenment {unknown}
 k - a potion of ambrosia {unknown}
 m - a potion of mutation {unknown}
 o - a potion of magic {unknown}
 s - a potion of degeneration {unknown}
 w - a potion of brilliance {unknown}
 z - a potion of attraction {unknown}
 A - a potion of haste {unknown}
 B - a potion of curing
 D - a potion of resistance {unknown}


   Skills:
 + Level 8.6 Fighting
 + Level 8.6 Axes
 + Level 8.1 Armour
 + Level 7.3 Dodging
 - Level 0.1 Stealth


You had 8 spell levels left.
You didn't know any spells.
Your spell library was empty.

Dungeon Overview and Level Annotations

Branches:
Dungeon (8/15)             Temple (0/1) D:7
   Lair: D:8-11

Altars:
Dithmenos
Kikubaaqudgha
Makhleb
Nemelex Xobeh
Zin

Shops:
D:1 [

Annotations:
D:8 Gastronok


Innate Abilities, Weirdness & Mutations

You have a pair of horns on your head.
You reflexively headbutt those who attack you in melee.


Message History

Gastronok is moderately wounded.
The river rat misses you. x2; Gastronok bites you but does no damage.
The river rat barely misses you.
The river rat bites you but does no damage.
You puncture Gastronok!
Gastronok is heavily wounded.
The river rat barely misses you. The river rat closely misses you.
You furiously retaliate!
You headbutt the river rat. Gastronok bites you!!
The river rat bites you but does no damage. x2
You puncture Gastronok!
Gastronok is heavily wounded.
The river rat bites you. x2
You take on a slight green cast.
The river rat barely misses you. The river rat closely misses you.
You puncture Gastronok!
Gastronok is heavily wounded.
The river rat bites you.
The river rat bites you but does no damage.
Gastronok bites you!
* * * LOW HITPOINT WARNING * * *
The river rat bites you but does no damage.
The river rat barely misses you.
You hit Gastronok but do no damage.
Gastronok is heavily wounded.
The river rat closely misses you.
The river rat bites you but does no damage.
Gastronok bubbles merrily.
You puncture Gastronok! You headbutt Gastronok!
Gastronok is severely wounded.
The river rat bites you.
* * * LOW HITPOINT WARNING * * *
The river rat closely misses you. You furiously retaliate!
You headbutt the river rat, but do no damage.
The river rat bites you.
* * * LOW HITPOINT WARNING * * *
The river rat bites you but does no damage.
Gastronok waves his eye-stalks in wide circles.
The air twists around and strikes you!!
You die...
Gastronok gurgles, "Let's see if you taste as good as that wizard did."

#.......
.#......##
.........
#..##...###
#..#..<..#
#.......#
###...).#
#####.r..)).#.##
......r@.........
......w.....#+###
................
.....###........
..... #.........
.... ########.#
#.# .. #.


You could see Gastronok and 2 river rats.

Vanquished Creatures
  The ghost of xsansara the Caller, a novice FeSu of Kikubaaqudgha (D:7)
  A steam dragon (D:7)
  2 acid dragons
  A water moccasin (D:6)
  A sky beast (D:7)
  An orc warrior (D:5)
  3 ogres
  A centaur (D:7)
  2 scorpions
  A gnoll sergeant (D:6)
  4 wights (D:7)
  3 howler monkeys (D:7)
  2 hounds
  2 jellies
  4 orc priests
  2 gnoll boudas
  A sleepcap (D:4)
  Terence (D:2)
  2 iguanas
  5 orc wizards
  11 gnolls
  11 adders
  A shadow imp (D:6)
  A white imp (D:6)
  2 dart slugs
  A ribbon worm (D:4)
  29 orcs
  3 bats
  7 endoplasms
  3 giant cockroaches (D:3)
  6 hobgoblins
  5 quokkas
  10 ball pythons
  5 frilled lizards
  11 goblins
  5 kobolds
  6 rats
157 creatures vanquished.

Notes
Turn   | Place    | Note
-------+----------+-------------------------------------------
     0 | D:1      | AlexRAT the Minotaur Berserker began the quest for the Orb.
     0 | D:1      | Reached XP level 1. HP: 19/19 MP: 0/0
   200 | D:1      | Found Ygrus's Antique Armour Emporium.
   254 | D:1      | Reached XP level 2. HP: 27/27 MP: 1/1
  1064 | D:2      | Reached XP level 3. HP: 27/33 MP: 2/2
  1175 | D:2      | Reached ** piety under Trog
  1186 | D:2      | Noticed Terence
  1191 | D:2      | Killed Terence
  1192 | D:2      | Reached XP level 4. HP: 41/41 MP: 3/3
  1355 | D:2      | Found a faded altar of an unknown god.
  1584 | D:3      | Reached XP level 5. HP: 46/47 MP: 4/4
  2114 | D:3      | Reached skill level 5 in Axes
  2279 | D:4      | Found a glowing silver altar of Zin.
  2301 | D:4      | Reached *** piety under Trog
  2302 | D:4      | Reached skill level 5 in Fighting
  2353 | D:4      | Found an ancient bone altar of Kikubaaqudgha.
  2577 | D:4      | Reached XP level 6. HP: 56/56 MP: 5/5
  2702 | D:4      | Identified the +3 dagger of the Boar {venom, rPois rF+ rN++
                  | Int-5}
  2927 | D:5      | Entered Level 5 of the Dungeon
  2969 | D:5      | Reached skill level 5 in Armour
  2969 | D:5      | Reached XP level 7. HP: 45/62 MP: 6/6
  3076 | D:5      | Reached **** piety under Trog
  3280 | D:5      | Reached skill level 5 in Dodging
  3654 | D:6      | Reached XP level 8. HP: 59/71 MP: 7/7
  3803 | D:6      | Found a burning altar of Makhleb.
  3882 | D:6      | Found a shadowy altar of Dithmenos.
  4099 | D:6      | Found a sparkling altar of Nemelex Xobeh.
  4750 | D:7      | Found a staircase to the Ecumenical Temple.
  4901 | D:7      | Found a runed translucent door.
  4901 | D:7      | Noticed xsansara's ghost (novice FeSu)
  4913 | D:7      | Noticed a lightning spire
  4913 | D:7      | Killed xsansara's ghost
  4914 | D:7      | Reached XP level 9. HP: 81/81 MP: 8/8
  4949 | D:7      | HP: 2/78 [wight/+0 spear (3)]
  5879 | D:8      | Noticed Gastronok
  5899 | D:8      | Killed from afar by Gastronok

Illustrated notes

Levels and vault maps discovered:
D:1:      dpeg_arrival_simpleton_b, layout_loops_ring, serial_shops,
          nicolae_shop_advertising_works [nicolae_subvault_shop_adworks],
          roderic_lattice_a, minmay_shallow_snake_nest
D:2:      layout_rooms, ebering_ecumenical_altar_abandoned, uniq_terence
D:3:      layout_loops_cross, minmay_misc_feat_room, minmay_checkerbox
D:4:      layout_gridville, zin_scriptorium, kiku_gazebo_garden_becter
D:5:      layout_rooms
D:6:      layout_basic, mainiacjoe_overflow_alcove_4, jmf_multi_god_temple2,
          kennysheep_small_circle
D:7:      layout_cave_pods, minmay_temple_entry_antechambers,
          gammafunk_ghost_grave
D:8:      layout_basic, billiards_dpeg, uniq_gastronok

Skill      XL: |  1  2  3  4  5  6  7  8  9 |
---------------+----------------------------+-----
Fighting       | 4 5 6 8 |  8.6
Axes           | 4 5 6 8 |  8.6
Armour         | 3 4 5 6 7 8 |  8.1
Dodging        | 3 4 5 6 7 |  7.3
Stealth        | |  0.1

Action                     |  1- 3 |  4- 6 |  7- 9 || total
---------------------------+-------+-------+-------++-------
  Melee: Hand axe          |    35 |       |       ||    35
         Headbutt          |     9 |    15 |    20 ||    44
         Spear             |    35 |   163 |   182 ||   380
  Throw: Javelin           |       |       |     1 ||     1
 Invoke: Berserk           |     1 |     2 |     4 ||     7
    Use: Scroll            |       |       |     9 ||     9
         Potion            |       |       |     2 ||     2
 Armour: Animal skin       |     4 |       |       ||     4
         Ring mail         |    27 |    80 |   148 ||   255
  Dodge: Dodged            |    35 |    64 |   116 ||   215

Table legend: (Time is in decaauts)
 A = Elapsed time spent in this place.
 B = Non-inter-level travel time spent in this place.
 C = Inter-level travel time spent in this place.
 D = Time resting spent in this place.
 E = Time spent auto-exploring this place.
 F = Levels seen in this place.
 G = Mean time per level.
                   A        B        C        D        E       F      G
               +--------+--------+--------+--------+--------+-----+--------+
         Total |   5959 |   5686 |    273 |    254 |   4577 |   8 |  744.9 |
       Dungeon |   5959 |   5686 |    273 |    254 |   4577 |   8 |  744.9 |
               +--------+--------+--------+--------+--------+-----+--------+

Top non-repeatable levels by time:
     D:7: 1284 daAuts
     D:1: 1059 daAuts
     D:6: 1006 daAuts
     D:3: 759 daAuts
     D:5: 695 daAuts
     D:4: 683 daAuts
     D:2: 445 daAuts
     D:8: 25 daAuts
